AoeStats
← Santi Povs

Arena

505055217Analyzed
2v2 RM · 25d ago on Sep 7, 2026· 38m 52s· 4 players
Game mode
Random Map
Map size
Medium (4 player)
Population
200
Speed
Normal
Resources
Standard
Victory
Conquest
Starting age
Dark Age
Ending age
Imperial Age
RankedLock teamsTeams togetherTeam positionsShared explorationLock speedFull tech treeHidden civsTurbo modeCheats
Victory
Defeat
🇨🇴 Celts · Colombia
1029
+15
🇨🇴 Romans · Colombia
974
+19
🇨🇳 Wei · China
1013
-17
🇨🇦 Cumans · Canada
1012
-17
Santi Povs
11:25 Feudal Age
10:42 Loom
24:37 Castle Age
22:36 Horse Collar
24:49 Forging
24:39 Scale Mail Armor
24:34 Gold Mining
26:46 Iron Casting
26:28 Chain Mail Armor
32:22 Pikeman
36:36 Wheelbarrow
35:47 Town Watch
NickyCash
10:39 Feudal Age
8:55 Loom
14:40 Castle Age
14:13 Horse Collar
31:15 Double-Bit Axe
31:23 Gold Mining
31:29 Stone Mining
37:30 Heavy Plow
Skleton
8:38 Loom
23:44 Feudal Age
24:33 Horse Collar
24:40 Double-Bit Axe
36:33 Castle Age
38:01 Fletching
Calvery
0:42 Loom
16:25 Feudal Age
17:02 Double-Bit Axe
19:19 Fletching
23:40 Castle Age
24:15 Bodkin Arrow
33:29 Horse Collar
37:34 Wheelbarrow
38:20 Bow Saw
Connection lost

Rejoining the realm…

Still unreachable

The connection could not be restored.

Session expired

The server has moved on; the page needs a fresh start.